 Dungeon Crawl Stone Soup version 0.24.0-37-gcf1ca852f1 (webtiles) character file.

Game seed: 13190385684133021331, levelgen mode: deterministic

4645 KrisztiCat the Basher (level 10, -1/88 HPs)
             Began as a Minotaur Berserker on Nov 28, 2019.
             Was a High Priest of Trog.
             Slain by a yak (9 damage)
             ... on level 8 of the Dungeon.
             The game lasted 00:34:54 (6864 turns).

KrisztiCat the Basher (Minotaur Berserker)          Turns: 6864, Time: 00:34:54

Health: -1/88      AC: 10    Str: 24    XL:     10   Next: 20%
Magic:  9/9        EV: 12    Int:  6    God:    Trog [*****.]
Gold:   411        SH:  0    Dex: 11    Spells: 9/9 levels left

rFire    . . .     SeeInvis +   D - +1 mace (holy)
rCold    . . .     Gourm    .   (no shield)
rNeg     + . .     Faith    .   g - +0 ring mail
rPois    .         Spirit   .   (helmet restricted)
rElec    .         Reflect  .   f - +1 cloak
rCorr    .         Harm     .   x - +0 pair of gloves
MR       +++++     Clarity  +   (no boots)
Stlth    +.........             n - amulet of the Four Winds {rN+ MR+++ Clar}
HPRegen  1.24/turn              k - ring of flight
MPRegen  0.11/turn              A - ring of see invisible

@: about to teleport, berserk cooldown, regenerating, slowed, very slow
A: retaliatory headbutt, horns 2, clarity, clever 1, magic resistance 1,
evolution 1
a: Berserk, Trog's Hand, Brothers in Arms, Renounce Religion, Evoke Flight


You were on level 8 of the Dungeon.
You worshipped Trog.
Trog was extremely pleased with you.
You were near starving.

You visited 2 branches of the dungeon, and saw 9 of its levels.

You collected 435 gold pieces.
You spent 24 gold pieces at shops.

Inventory:

Hand Weapons
 s - the +7 falchion "Newtbane" {vamp, +Rage Str+3, unknown}
   (You found it on level 5 of the Dungeon)

   It inflicts no extra harm, but heals its wielder when it wounds a living foe.
   It affects your strength (+3).
   It lets you go berserk.
 D - a +1 mace of holy wrath (weapon)
Armour
 b - a +0 animal skin
 f - a +1 cloak (worn)
 g - a +0 ring mail (worn)
 h - a +0 pair of gloves
 x - a +0 pair of gloves (worn)
Jewellery
 d - a +3 amulet of reflection
 k - a ring of flight (left hand)
 m - a +4 amulet of reflection
 n - the amulet of the Four Winds (around neck) {rN+ MR+++ Clar}
   (You found it on level 4 of the Dungeon)

   [amulet of nothing]

   It protects you from negative energy.
   It affects your resistance to hostile enchantments.
   It protects you against confusion.
 r - a +6 ring of dexterity
 A - a ring of see invisible (right hand)
 C - an uncursed ring of magical power
Wands
 o - a wand of acid (8)
 p - a wand of enslavement (10)
 w - a wand of clouds (3)
 y - a wand of random effects (32)
 z - a wand of iceblast (10)
 E - a wand of polymorph (10)
Scrolls
 e - 3 scrolls of teleportation
 j - a scroll of fear {unknown}
 l - 3 scrolls of remove curse
 u - a scroll of fog
 v - a scroll of identify
 B - a scroll of magic mapping
Potions
 q - 2 potions of brilliance
 t - a potion of flight
Comestibles
 c - 7 rations


   Skills:
 + Level 7.8 Fighting
 * Level 4.5 Long Blades
 - Level 14.2 Maces & Flails
 + Level 6.3 Armour
 - Level 2.8 Dodging
 - Level 0.3 Stealth


You had 9 spell levels left.
You didn't know any spells.
Your spell library was empty.

Dungeon Overview and Level Annotations

Branches:
Dungeon (8/15)             Temple (1/1) D:5
   Lair: D:8-11

Altars:
Ashenzari
Cheibriados
Dithmenos
Elyvilon
Fedhas
Gozag
Hepliaklqana
Makhleb
Nemelex Xobeh
Okawaru
Qazlal
Ru
Sif Muna
Trog
Uskayaw
Vehumet
Wu Jian
Xom
Yredelemnul
Zin
The Shining One

Shops:
D:4 ?


Innate Abilities, Weirdness & Mutations

You reflexively headbutt those who attack you in melee.
You have a pair of horns on your head.
You possess an exceptional clarity of mind.
Your mind is acute. (Int +2)
You are resistant to hostile enchantments. (MR+)
You evolve.


Message History

There is an open door, spattered with blood here.
You see here a hog corpse.
You thump the yak! Your headbutt misses the yak.
The yak is heavily wounded.
The yak gores you!
* * * LOW HITPOINT WARNING * * *
You barely miss the yak.
The yak is heavily wounded.
You are no longer berserk.
You are exhausted.
You feel yourself slow down.
Okay, then.
As you read the scroll of fog, it crumbles to dust.
The scroll dissolves into smoke.
The yak closely misses you. The yak misses you. The yak gores you.
* * * LOW HITPOINT WARNING * * *
As you read the scroll of teleportation, it crumbles to dust.
You feel strangely unstable. The yak gores you!
You die...

......########...................
......# ##..................
......# #######..##.......#######
......# #.....##.##.......#
..(...# #.....##.##......>#
......# ###'####§##.......#
......# #%...§#§§##.......#
......# #%%.§§§§§§#.......#
......# #######Y@§#.......#
......# .....§§§§#.......#
......# .................#
......############..[.....#
#####....# #))......# #....#
#..####.## #....#### ##.## #.#
#.......### ###..###.#
##........###........#


You could see a yak.

Vanquished Creatures
  A manticore (D:8)
  Grinder (D:5)
  Prince Ribbit (D:8)
  A human (D:8)
  A wyvern (D:8)
  3 hogs (D:8)
  Grum (D:8)
  2 ice beasts
  2 orc warriors
  2 phantoms
  4 ogres
  2 wolves (D:8)
  A centaur (D:8)
  A big kobold (D:8)
  A bullfrog (D:8)
  A wyvern zombie (D:7)
  A gnoll sergeant (D:6)
  4 scorpions
  2 howler monkeys
  2 crimson imps
  A bullfrog zombie (D:5)
  A quasit (D:7)
  Crazy Yiuf (D:3)
  3 hounds
  3 jellies
  A bullfrog skeleton (D:8)
  5 orc priests
  A centaur skeleton (D:7)
  7 orc wizards
  Jessica (D:2)
  2 iguanas
  3 worker ants
  Terence (D:2)
  A hound skeleton (D:7)
  13 adders
  16 gnolls
  3 shadow imps
  2 oozes
  An adder skeleton (D:4)
  3 worms
  2 dart slugs
  7 leopard geckos
  37 orcs
  2 ball pythons
  3 goblins
  9 hobgoblins
  5 jackals
  4 quokkas
  8 bats
  8 frilled lizards
  A jackal skeleton (D:6)
  11 kobolds
  A quokka skeleton (D:5)
  4 rats
  2 plants (D:1)
207 creatures vanquished.

Notes
Turn   | Place    | Note
-------+----------+-------------------------------------------
     0 | D:1      | KrisztiCat the Minotaur Berserker began the quest for the
                  | Orb.
     0 | D:1      | Reached XP level 1. HP: 19/19 MP: 0/0
   175 | D:1      | Reached XP level 2. HP: 27/27 MP: 1/1
   178 | D:1      | Reached skill level 4 in Maces & Flails
   440 | D:1      | You fall into a shaft and drop 1 floor!
   515 | D:1      | Reached XP level 3. HP: 31/33 MP: 2/2
   791 | D:2      | Found a hide-covered altar of Uskayaw.
   791 | D:2      | Found an ornate altar of the Wu Jian Council.
   791 | D:2      | Found a burning altar of Makhleb.
   803 | D:2      | Found an iron altar of Okawaru.
   804 | D:2      | Found an opulent altar of Gozag.
   805 | D:2      | Noticed Terence
   823 | D:2      | Killed Terence
   823 | D:2      | Reached XP level 4. HP: 41/41 MP: 3/3
   879 | D:2      | Found a snail-covered altar of Cheibriados.
  1107 | D:2      | Reached ** piety under Trog
  1127 | D:2      | Noticed Jessica
  1140 | D:2      | Killed Jessica
  1140 | D:2      | Reached skill level 5 in Maces & Flails
  1230 | D:2      | Reached XP level 5. HP: 42/47 MP: 4/4
  1420 | D:2      | Reached skill level 6 in Maces & Flails
  1670 | D:3      | Reached XP level 6. HP: 28/55 MP: 5/5
  1683 | D:3      | Reached skill level 7 in Maces & Flails
  2125 | D:3      | Found a runed translucent door.
  2126 | D:3      | Noticed Crazy Yiuf
  2136 | D:3      | Gained mutation: You possess an exceptional clarity of
                  | mind. [potion of mutation]
  2136 | D:3      | Gained mutation: You evolve. [potion of mutation]
  2138 | D:3      | Killed Crazy Yiuf
  2238 | D:4      | Reached *** piety under Trog
  2512 | D:4      | Found Deusopaf's Magic Scroll Boutique.
  2524 | D:4      | Bought a scroll of identify for 24 gold pieces
  2553 | D:4      | Found a sparkling altar of Nemelex Xobeh.
  2619 | D:4      | Reached skill level 8 in Maces & Flails
  2636 | D:4      | Found the amulet of the Four Winds {rN+ MR+++ Clar}
  2708 | D:4      | Reached XP level 7. HP: 27/60 MP: 6/6
  2844 | D:4      | Reached skill level 9 in Maces & Flails
  3293 | D:5      | Entered Level 5 of the Dungeon
  3298 | D:5      | Got an encrusted falchion
  3310 | D:5      | Reached skill level 10 in Maces & Flails
  3507 | D:5      | Reached XP level 8. HP: 67/67 MP: 7/7
  3648 | D:5      | Gained mutation: Your mind is acute. (Int +2) [evolution]
  3744 | D:5      | Noticed Grinder
  3745 | D:5      | Found a shattered altar of Ashenzari.
  3749 | D:5      | Killed Grinder
  3749 | D:5      | Reached skill level 11 in Maces & Flails
  3754 | D:5      | Reached **** piety under Trog
  3796 | D:5      | Found a staircase to the Ecumenical Temple.
  3809 | Temple   | Entered the Ecumenical Temple
  4198 | D:5      | Reached skill level 12 in Maces & Flails
  4494 | D:6      | Found a radiant altar of Vehumet.
  4949 | D:6      | Reached skill level 13 in Maces & Flails
  5002 | D:6      | Found a bloodstained altar of Trog.
  5046 | D:6      | Reached XP level 9. HP: 35/73 MP: 8/8
  5048 | D:6      | Reached skill level 5 in Fighting
  5769 | D:7      | Gained mutation: You are resistant to hostile enchantments.
                  | (MR+) [evolution]
  5973 | D:8      | Noticed Prince Ribbit
  5984 | D:8      | Received a gift from Trog
  6009 | D:8      | Killed Prince Ribbit
  6009 | D:8      | Reached skill level 14 in Maces & Flails
  6046 | D:8      | Found a white marble altar of Elyvilon.
  6103 | D:8      | Noticed a manticore
  6118 | D:8      | HP: 5/112 [manticore (21)]
  6120 | D:8      | Killed a manticore
  6120 | D:8      | Reached skill level 5 in Armour
  6595 | D:8      | Noticed Grum
  6599 | D:8      | Reached ***** piety under Trog
  6599 | D:8      | Reached XP level 10. HP: 64/84 MP: 9/9
  6611 | D:8      | Killed Grum
  6727 | D:8      | Found a basalt altar of Yredelemnul.
  6729 | D:8      | Noticed a profane servitor
  6800 | D:8      | Found a glowing golden altar of the Shining One.
  6852 | D:8      | HP: 4/129 [yak (8)]
  6859 | D:8      | HP: 1/132 [yak (8)]
  6864 | D:8      | Slain by a yak

Levels and vault maps discovered:
D:1:      roderic_crop_circles_arrival_small, layout_basic, serial_forest,
          infiniplex_forest_clump_small, infiniplex_forest_clump_medium,
          infiniplex_forest_clump_medium, infiniplex_forest_clump_medium,
          infiniplex_forest_clump_small
D:2:      layout_loops_ring, grunt_temple_overflow_open, kennysheep_slug_shrine,
          uniq_terence, uniq_jessica
D:3:      layout_basic, minmay_unequal, uniq_crazy_yiuf_cottage
D:4:      layout_loops_cross, nemelex_xobeh_ov_fountains_minmay, serial_shops,
          shop, minmay_checkerbox
D:5:      layout_loops_corners, lemuel_round_altar,
          minmay_temple_entry_statues_pillars, first_ration, uniq_grinder
D:6:      layout_basic, kennysheep_mini, basic_altar
D:7:      layout_cave_pods
D:8:      layout_basic, grunt_temple_overflow_holy_war, lemuel_crystal_altar,
          grunt_livestock, uniq_grum, uniq_prince_ribbit1
Temple:   jpeg_temple_island

Skill      XL: |  1  2  3  4  5  6  7  8  9 10 |
---------------+-------------------------------+-----
Fighting       | 4 6 7 |  7.8
Maces & Flails | 4 5 6 8 10 13 14 | 14.2
Armour         | 3 5 6 |  6.3
Long Blades    | 3 4 |  4.5
Dodging        | |  2.8
Stealth        | |  0.3

Action                   |  1- 3 |  4- 6 |  7- 9 | 10-12 || total
-------------------------+-------+-------+-------+-------++-------
Melee: Mace              |    96 |   161 |   355 |    33 ||   645
       Headbutt          |    26 |    26 |    84 |     4 ||   140
Invok: Berserk           |     1 |     4 |     7 |     1 ||    13
       Trog's Hand       |       |       |     1 |     1 ||     2
  Use: Scroll            |     2 |     7 |     6 |     2 ||    17
       Potion            |       |     4 |     6 |       ||    10
  Eat: Chunk             |       |    10 |    11 |       ||    21
       Ration            |       |       |     3 |       ||     3
Armor: Animal skin       |     8 |       |       |       ||     8
       Ring mail         |     6 |    47 |    88 |    11 ||   152
Dodge: Dodged            |    34 |   107 |   153 |    25 ||   319
Block: Other             |       |     1 |       |       ||     1
